AoeStats
← Combi l BU

Arabia

506233435Analyzed
2v2 RM · 20d ago on Sep 12, 2026· 24m 35s· 4 players
Game mode
Random Map
Map size
Medium (4 player)
Population
200
Speed
Normal
Resources
Standard
Victory
Conquest
Starting age
Dark Age
Ending age
Imperial Age
RankedLock teamsTeams togetherTeam positionsShared explorationLock speedFull tech treeHidden civsTurbo modeCheats
Victory
Defeat
🇫🇷 Mongols · France
1622
+16
🇫🇷 Slavs · France
1621
+16
🇲🇽 Goths · Mexico
1624
-16
🇨🇱 Malay · Chile
1621
-16
Rokafly
5:54 Loom
8:27 Feudal Age
9:16 Double-Bit Axe
15:02 Scale Barding Armor
21:11 Castle Age
19:45 Horse Collar
20:37 Forging
21:31 Bloodlines
21:17 Light Cavalry
22:39 Husbandry
23:22 Bow Saw
24:57 Gold Mining
76nateK
8:02 Feudal Age
9:29 Loom
11:38 Fletching
17:17 Double-Bit Axe
18:11 Padded Archer Armor
18:36 Horse Collar
23:55 Castle Age
24:11 Crossbowman
24:51 Bodkin Arrow
Combi l BU
6:34 Loom
8:50 Feudal Age
9:24 Double-Bit Axe
17:19 Wheelbarrow
17:53 Bloodlines
18:00 Scale Barding Armor
22:39 Castle Age
21:51 Forging
21:48 Gold Mining
23:42 Chain Barding Armor
Ux' CombiNero
7:12 Loom
9:23 Feudal Age
15:31 Fletching
Connection lost

Rejoining the realm…

Still unreachable

The connection could not be restored.

Session expired

The server has moved on; the page needs a fresh start.